 Dungeon Crawl Stone Soup version 0.18.1-48-g4cf74bf (webtiles) character file.

5355 grulito the Cleaver (level 10, -9/90 HPs)
             Began as a Minotaur Fighter on June 28, 2016.
             Was a Believer of Qazlal.
             Mangled by a thrashing horror (12 damage)
             ... on level 2 of the Abyss on June 29, 2016.
             The game lasted 00:32:36 (7579 turns).

grulito the Cleaver (Minotaur Fighter)              Turns: 7579, Time: 00:32:37

Health: -9/90      AC: 20    Str: 23    XL:     10   Next: 38%
Magic:  9/9        EV:  6    Int:  9    God:    Qazlal [**....]
Gold:   382        SH: 12    Dex:  7    Spells: 0 memorised, 9 levels left

rFire  . . .     SeeInvis .     a - +1 war axe
rCold  . . .     Gourm    .     N - +5 chain mail "Achaza" {rCorr Str+4 Int+4}
rNeg   . . .     Faith    .     c - +0 shield
rPois  +         Spirit   .     (helmet restricted)
rElec  .         Dismiss  .     (no cloak)
rCorr  +         Reflect  .     k - +2 pair of gloves
SustAt .         Harm     .     (no boots)
MR     .....                    w - amulet of regeneration
Stlth  ..........               E - ring of flight
                                e - ring of poison resistance

@: about to teleport, not resistant to hostile enchantments, extremely
unstealthy
A: retaliatory headbutt, horns 2, blurry vision 3, clumsy 2, deterioration 2,
screaming 2, weak 2, subdued magic 2
a: Upheaval, Renounce Religion, Evoke Flight


You were on level 2 of the Abyss.
You worshipped Qazlal.
Qazlal was pleased with you.
You were hungry.

You visited 2 branches of the dungeon, and saw 12 of its levels.
You visited the Abyss 1 time.

You collected 382 gold pieces.

Inventory:

Hand Weapons
 a - a +1 war axe (weapon)
 J - a +0 flail
 R - a +0 dire flail
Armour
 b - a +0 scale mail
 c - a +0 shield (worn)
 k - a +2 pair of gloves (worn)
 p - a +0 robe
 N - the +5 chain mail "Achaza" (worn) {rCorr Str+4 Int+4}
   (You found it on level 11 of the Dungeon)

   It affects your strength (+4).
   It affects your intelligence (+4).
   It protects you from acid and corrosion.
 P - a +0 chain mail
Jewellery
 e - a ring of poison resistance (left hand)
 l - an uncursed ring of resist corrosion
 w - an amulet of regeneration (around neck)
 E - a ring of flight (right hand)
 L - an uncursed ring of magical power {unknown}
 T - a cursed -2 ring of protection {unknown}
Wands
 o - a wand of random effects (16/48)
 C - a wand of random effects (42/48)
 H - a wand of flame (21/48)
 S - a wand of flame (15/48)
Scrolls
 g - 2 scrolls of enchant weapon
 h - a scroll of fear
 i - 4 scrolls of teleportation
 F - 3 scrolls of remove curse
 I - a scroll of identify
Potions
 d - 3 potions of might
 m - a potion of resistance
 n - 4 potions of curing
 s - 2 potions of invisibility
 x - a potion of agility
 z - 4 potions of flight {unknown}
 A - a potion of heal wounds {unknown}
 D - 2 potions of lignification {unknown}
 G - a potion of berserk rage {unknown}
 M - a potion of mutation {unknown}
Books
 K - a book of Callings

   Spells                             Type                      Level
   a - Summon Small Mammal            Summoning                    1
   b - Call Imp                       Summoning                    2
   c - Call Canine Familiar           Summoning                    3
   d - Summon Guardian Golem          Hexes/Summoning              3
   e - Summon Lightning Spire         Summoning/Air                4
   f - Summon Ice Beast               Ice/Summoning                4
Miscellaneous
 t - a plain deck of escape
Comestibles
 f - 5 bread rations
 q - 3 beef jerkies
 v - 9 slices of pizza


   Skills:
 + Level 8.7 Fighting
 * Level 13.3 Axes
 + Level 0.2(8.7) Maces & Flails
 + Level 10.1 Armour
 - Level 1.0 Stealth
 - Level 3.9 Shields
 + Level 0.8 Evocations


You had 9 spell levels left.
You didn't know any spells.

Dungeon Overview and Level Annotations

Branches:
Dungeon (12/15)            Temple (1/1) D:4
   Lair: D:8-11         Orc: D:9-12

Altars:
Cheibriados
Dithmenos
Elyvilon
Fedhas
Gozag
Makhleb
Nemelex Xobeh
Okawaru
Pakellas
Qazlal
Ru
Sif Muna
Trog
Xom
Yredelemnul
Zin

Annotations:
D:12 Sonja


Innate Abilities, Weirdness & Mutations

You reflexively headbutt those who attack you in melee.
You have a pair of horns on your head.
[Scrolls take you much longer to read.]
[You are very clumsy. (Dex -4)]
[Your body often deteriorates upon taking damage.]
[You sometimes yell uncontrollably at your foes.]
[You are very weak. (Str -4)]
[Your spells are easier to cast, but less powerful.]


Message History

Keep reading the scroll?
The thrashing horror tramples you but does no damage. x2
A chorus of shrieks assaults your mind.
* * * LOW HITPOINT WARNING * * *
You begin reading the scroll.
You continue reading the scroll.
The thrashing horror roars!
The thrashing horror tramples you but does no damage.
The thrashing horror barely misses you. A chorus of shrieks assaults your mind.
* * * LOW HITPOINT WARNING * * *
You continue reading the scroll.
The thrashing horror roars!
You block the thrashing horror's attack.
The thrashing horror tramples you but does no damage.
A starcursed mass splits.
As you read the scroll of teleportation, it crumbles to dust.
You feel strangely unstable.
You feel the power of the Abyss delaying your translocation!
The thrashing horror tramples you!
You die...

# ###.###
#X##..#
#@.*XX#
..
#####X###
# .x.. #
. #..##
#..# #.#
. #..
...#. #..
..#.## .
....... .
## ..#
..# #####
## .#..#
X###..#.
.. # ..
.. .# .#.
#


You could see 3 starcursed masses, a wretched star and a thrashing horror.

Vanquished Creatures
  Pikel (D:7)
  An ugly thing (D:11)
  A gargoyle (D:12)
  A two-headed ogre (D:11)
  4 yaks
  2 hogs (D:7)
  A human (D:7)
  A hippogriff (D:11)
  Menkaure (D:7)
  2 orc warriors
  2 ice beasts
  2 slaves (D:7)
  A wasp (D:10)
  A black bear (D:12)
  2 ogres
  3 phantoms
  2 centaurs
  3 giant frogs
  2 scorpions (D:7)
  The ghost of Malvoorn the Poker, a weakling DrSk (D:3)
  5 killer bees (D:7)
  3 crimson imps (D:7)
  2 giant frog zombies (D:11)
  2 jellies
  2 hounds
  2 giant frog skeletons
  4 orc priests
  9 orc wizards
  An iguana (D:5)
  3 worker ants
  A sheep (D:7)
  A killer bee zombie (D:11)
  A hound zombie (D:7)
  A gnoll (D:1)
  13 adders
  An ooze (D:2)
  An adder skeleton (D:6)
  A worm (D:3)
  2 dart slugs
  5 giant geckos
  21 orcs
  2 ball pythons
  6 bats
  11 giant cockroaches
  3 goblins
  6 hobgoblins
  7 jackals
  2 quokkas
  6 giant newts
  8 kobolds
  8 rats
174 creatures vanquished.

Notes
Turn   | Place    | Note
--------------------------------------------------------------
     0 | D:1      | grulito the Minotaur Fighter began the quest for the Orb.
     0 | D:1      | Reached XP level 1. HP: 19/19 MP: 0/0
   167 | D:1      | Reached XP level 2. HP: 24/27 MP: 1/1
   793 | D:1      | Reached XP level 3. HP: 31/33 MP: 2/2
   964 | D:2      | Found a burning altar of Makhleb.
  1898 | D:2      | Found a sparkling altar of Nemelex Xobeh.
  1932 | D:3      | Reached skill level 3 in Axes
  1932 | D:3      | Reached XP level 4. HP: 41/41 MP: 3/3
  1936 | D:3      | Reached skill level 5 in Armour
  1975 | D:3      | Noticed Malvoorn's ghost (weakling DrSk)
  1990 | D:3      | Killed Malvoorn's ghost
  1990 | D:3      | Reached XP level 5. HP: 20/47 MP: 4/4
  2418 | D:3      | Reached skill level 4 in Axes
  2451 | D:3      | Noticed an ice beast
  2467 | D:3      | Killed an ice beast
  2467 | D:3      | Reached skill level 5 in Fighting
  2467 | D:3      | Reached XP level 6. HP: 43/56 MP: 5/5
  2570 | D:3      | Found an opulent altar of Gozag.
  3104 | D:4      | Reached skill level 1 in Stealth
  3235 | D:4      | Reached skill level 5 in Axes
  3250 | D:4      | Found an oddly glowing altar of Pakellas.
  3320 | D:4      | Reached XP level 7. HP: 52/62 MP: 6/6
  3594 | D:4      | Found a staircase to the Ecumenical Temple.
  3600 | Temple   | Entered the Ecumenical Temple
  3735 | Temple   | Became a worshipper of Qazlal Stormbringer
  3892 | D:5      | Entered Level 5 of the Dungeon
  3896 | D:5      | Found a blossoming altar of Fedhas.
  3999 | D:5      | Found a white marble altar of Elyvilon.
  4022 | D:5      | Reached skill level 6 in Axes
  4032 | D:5      | Found a shimmering altar of Xom.
  4135 | D:5      | Found an oddly glowing altar of Pakellas.
  4191 | D:5      | Found an iron altar of Okawaru.
  4586 | D:6      | Reached skill level 7 in Axes
  4586 | D:6      | Reached XP level 8. HP: 55/71 MP: 7/7
  4658 | D:6      | Found a white marble altar of Elyvilon.
  4727 | D:6      | Found a snail-covered altar of Cheibriados.
  5225 | D:7      | Reached skill level 8 in Axes
  5335 | D:7      | Reached * piety under Qazlal
  5343 | D:7      | Reached skill level 9 in Axes
  5521 | D:7      | Reached XP level 9. HP: 77/79 MP: 8/8
  5574 | D:7      | Reached skill level 10 in Axes
  5823 | D:7      | Noticed Menkaure
  5853 | D:7      | Killed Menkaure
  6000 | D:7      | Reached skill level 11 in Axes
  6048 | D:7      | Noticed Pikel
  6065 | D:7      | Killed Pikel
  6415 | D:8      | You are sucked into a shaft for 3 floors!
  6443 | D:11     | Got a bronze chain mail
  6458 | D:11     | Reached skill level 12 in Axes
  6541 | D:11     | Reached ** piety under Qazlal
  6553 | D:11     | Identified the +5 chain mail "Achaza" {rCorr Str+4 Int+4} (You found it on level 11 of the Dungeon)
  6605 | D:10     | Entered Level 10 of the Dungeon
  6648 | D:11     | Reached XP level 10. HP: 76/88 MP: 9/9
  7118 | D:12     | Noticed a gargoyle
  7135 | D:12     | Killed a gargoyle
  7135 | D:12     | Reached skill level 13 in Axes
  7143 | D:12     | Noticed a white ugly thing
  7167 | D:11     | Killed a white ugly thing
  7167 | D:11     | Reached skill level 10 in Armour
  7460 | D:12     | Noticed Sonja
  7473 | D:12     | Cast into level 2 of the Abyss (Sonja)
  7537 | Abyss:2  | Noticed a thrashing horror
  7545 | Abyss:2  | Noticed a starcursed mass
  7555 | Abyss:2  | Noticed a wretched star
  7577 | Abyss:2  | HP: 2/90 [starcursed mass/accursed screaming (5)]
  7579 | Abyss:2  | Mangled by a thrashing horror

Skill      XL: |  1  2  3  4  5  6  7  8  9 10 |
---------------+-------------------------------+-----
Armour         | 4 5 6 7 8 9 10 | 10.1
Fighting       | 4 5 6 7 8 |  8.7
Axes           | 3 4 5 7 9 12 13 | 13.3
Stealth        | 1 |  1.0
Maces & Flails | |  0.2
Shields        | |  3.9
Evocations     | |  0.8

Action                   |  1- 3 |  4- 6 |  7- 9 | 10-12 || total
-------------------------+-------+-------+-------+-------++-------
Melee: War axe           |    89 |   145 |   288 |    42 ||   564
       Headbutt          |     9 |    22 |    59 |    15 ||   105
       Flail             |       |       |       |    12 ||    12
 Abil: Evoke Flight      |       |       |     1 |       ||     1
Evoke: Wand              |       |       |     1 |       ||     1
  Use: Scroll            |       |     4 |     9 |     4 ||    17
       Potion            |       |       |     3 |     2 ||     5
  Eat: Chunk             |     3 |     1 |       |       ||     4
       Bread ration      |       |     1 |     1 |       ||     2
       Fruit             |       |       |    10 |       ||    10
Armor: Scale mail        |    32 |    74 |   106 |       ||   212
       Chain mail        |       |       |    15 |    93 ||   108
Dodge: Dodged            |    26 |    50 |    72 |    26 ||   174
Block: Shield            |    37 |    59 |   154 |    85 ||   335
